 Dungeon Crawl Stone Soup version 0.20.1-1-g8b1a95d (webtiles) character file.

421 vineage the Slasher (level 6, -2/32 HPs)
             Began as a Vine Stalker Fighter on Oct 18, 2017.
             Slain by a gnoll
             ... wielding a +0 spear
              (4 damage)
             ... on level 4 of the Dungeon.
             The game lasted 00:03:02 (1896 turns).

vineage the Slasher (Vine Stalker Fighter)          Turns: 1896, Time: 00:03:03

Health: -2/32      AC:  6    Str: 20    XL:     6   Next: 94%
Magic:  0/7        EV:  7    Int:  8    God:
Gold:   123        SH:  9    Dex: 14    Spells: 5/5 levels left

rFire    . . .     SeeInvis .   a - +0 long sword
rCold    . . .     Gourm    .   c - +0 shield
rNeg     . . .     Faith    .   b - +0 scale mail
rPois    .         Spirit   +   (no helmet)
rElec    .         Reflect  .   (no cloak)
rCorr    .         Harm     .   (no gloves)
MR       .....     Rnd*Tele +   (no boots)
Stlth    ..........             (no amulet)
Regen    0.5/turn               (no ring)
MPRegen  0.1/turn               (no ring)

@: no status effects
A: claws 1, fangs 2, regeneration 1, teleportitis 1, magic shield, antimagic
bite, no potion heal 3, rot immunity
a: no special abilities


You were on level 4 of the Dungeon.
You were not hungry.

You visited 1 branch of the dungeon, and saw 4 of its levels.

You collected 123 gold pieces.

Inventory:

Hand Weapons
 a - a +0 long sword (weapon)
Armour
 b - a +0 scale mail (worn)
 c - a +0 shield (worn)
Jewellery
 i - an uncursed ring of poison resistance {unknown}
 s - an uncursed ring of resist corrosion {unknown}
 u - a +2 amulet of reflection {unknown}
Scrolls
 e - 2 scrolls of recharging {unknown}
 j - a scroll of identify {unknown}
 l - 2 scrolls of enchant armour {unknown}
 m - a scroll of fear {unknown}
 n - 3 scrolls of blinking {unknown}
 o - 2 scrolls of teleportation {unknown}
 p - a scroll of amnesia {unknown}
 r - 2 scrolls of enchant weapon {unknown}
Comestibles
 f - 3 bread rations
 g - 3 royal jellies
 h - 13 fruits
 k - 3 meat rations


   Skills:
 - Level 2.8 Fighting
 + Level 6.2 Long Blades
 - Level 2.6 Armour
 - Level 0.1 Dodging
 - Level 2.9 Shields


You had 5 spell levels left.
You didn't know any spells.

Dungeon Overview and Level Annotations

Branches:
Dungeon (4/15)
 Temple: D:4-7

Altars:


Innate Abilities, Weirdness & Mutations

You have extremely sharp teeth.
Your natural rate of healing is unusually fast.
When hurt, damage is shared between your health and your magic reserves.
Your bite disrupts and absorbs the magic of your enemies.
Potions cannot restore your health.
You are immune to rotting.
You have sharp fingernails.
You are occasionally teleported next to monsters.


Message History

The gnoll hits you from afar with a spear.
* * * LOW HITPOINT WARNING * * *
You closely miss the orc. The gnoll barely misses you.
The orc hits you with a flail!
* * * LOW HITPOINT WARNING * * *
You hit the orc but do no damage. You bite the orc, but do no damage.
The gnoll hits you from afar with a spear.
You block the orc's attack.
You aren't carrying any potions.
Your scale mail prevents you from hitting the orc.
You block the gnoll's attack. The orc barely misses you.
You riposte.
Your shield and scale mail prevent you from hitting the orc.
You hit the orc but do no damage. Your bite misses the orc.
The gnoll hits you from afar with a spear.
* * * LOW HITPOINT WARNING * * *
You block the orc's attack. You block the gnoll's attack.
Your shield and scale mail prevent you from hitting the orc.
Your bite misses the orc.
The gnoll hits you from afar with a spear.
You die...

#...###.......#........
. #......o.o.o......
##.....#o#........
#....##)#####....
#.#..##.# ### #.##.##o#
#....g..# ####)#### #@#
#.o# #...# ##.## #. #.
#. #.


You could see a gnoll and an orc.

Vanquished Creatures
  Sigmund (D:2)
  An ogre (D:4)
  An orc priest (D:3)
  A gnoll shaman (D:4)
  2 gnolls (D:4)
  2 adders
  An ooze (D:3)
  2 worms
  3 leopard geckos
  5 orcs
  4 bats
  3 giant cockroaches
  8 goblins
  10 hobgoblins
  7 kobolds
  2 quokkas (D:3)
  4 frilled lizards (D:3)
  3 rats
60 creatures vanquished.

Notes
Turn   | Place    | Note
-------+----------+-------------------------------------------
     0 | D:1      | vineage the Vine Stalker Fighter began the quest for the Orb.
     0 | D:1      | Reached XP level 1. HP: 11/11 MP: 2/2
    61 | D:1      | Reached XP level 2. HP: 7/16 MP: 3/3
   338 | D:1      | Reached skill level 2 in Long Blades
   838 | D:2      | Reached XP level 3. HP: 19/19 MP: 4/4
   981 | D:2      | Noticed Sigmund
   993 | D:2      | Killed Sigmund
   993 | D:2      | Reached skill level 4 in Long Blades
   993 | D:2      | Gained mutation: Your natural rate of healing is unusually fast. [Vine Stalker growth]
   993 | D:2      | Reached XP level 4. HP: 23/23 MP: 5/5
   993 | D:2      | Reached XP level 5. HP: 28/28 MP: 6/6
  1023 | D:2      | Reached skill level 5 in Long Blades
  1533 | D:3      | Reached XP level 6. HP: 31/32 MP: 7/7
  1778 | D:4      | Reached skill level 6 in Long Blades
  1857 | D:4      | Gained mutation: You are occasionally teleported next to monsters. [potion of mutation]
  1857 | D:4      | Gained mutation: You have sharp fingernails. [potion of mutation]
  1895 | D:4      | HP: 1/32 [gnoll/spear (2)]
  1896 | D:4      | Slain by a gnoll

Skill      XL: |  1  2  3  4  5  6 |
---------------+-------------------+-----
Long Blades    | 2 4 5 6 |  6.2
Fighting       | |  2.8
Armour         | |  2.6
Dodging        | |  0.1
Shields        | |  2.9

Action                   |  1- 3 |  4- 6 || total
-------------------------+-------+-------++-------
Melee: Long sword        |    64 |   110 ||   174
       Bite              |    14 |    27 ||    41
  Use: Potion            |     2 |     3 ||     5
  Eat: Chunk             |       |     3 ||     3
Armor: Scale mail        |    24 |    36 ||    60
       Skin              |       |    19 ||    19
Dodge: Dodged            |    25 |    34 ||    59
Block: Shield            |    48 |    67 ||   115
       Rpst.: Long sword |     3 |    13 ||    16
